 Dungeon Crawl Stone Soup version 0.24-a0-619-gb7544fd237 (webtiles) character file.

Game seed: 12776886049959076444, levelgen mode: deterministic

5616 Peloso the Carver (level 10, -7/88 HPs)
             Began as a Minotaur Fighter on Sept 18, 2019.
             Was a Priest of Okawaru.
             Killed from afar by Erolcha (26 damage)
             ... with a crystal spear
             ... on level 9 of the Dungeon.
             The game lasted 00:19:01 (8707 turns).

Peloso the Carver (Minotaur Fighter)                Turns: 8707, Time: 00:19:02

Health: -7/88      AC: 16    Str: 23    XL:     10   Next: 45%
Magic:  9/9        EV:  9    Int:  5    God:    Okawaru [***...]
Gold:   468        SH: 12    Dex: 14    Spells: 9/9 levels left

rFire    . . .     SeeInvis .   a - +1 long sword
rCold    . . .     Gourm    .   c - +0 shield
rNeg     . . .     Faith    .   b - +0 chain mail (curse)
rPois    +         Spirit   .   (helmet restricted)
rElec    +         Reflect  .   C - +2 cloak of Midnight {rElec Dex+3}
rCorr    .         Harm     .   (no gloves)
MR       .....     Clarity  +   (no boots)
Stlth    ..........             (no amulet)
HPRegen  0.24/turn              z - ring of poison resistance
MPRegen  0.11/turn              A - ring of flight

@: slowed, very slow
A: retaliatory headbutt, fangs 1, horns 2, molten scales 1, blink, clarity
a: Blink, Heroism, Renounce Religion, Evoke Flight


You were on level 9 of the Dungeon.
You worshipped Okawaru.
Okawaru was most pleased with you.
You were not hungry.

You visited 1 branch of the dungeon, and saw 9 of its levels.

You collected 468 gold pieces.

Inventory:

Hand Weapons
 a - a +1 long sword (weapon)
 u - the +7 spear "Pucocw" {pain, rF+ Str-3 Int+2 Stlth+}
   (You found it on level 5 of the Dungeon)

   In the hands of one skilled in necromantic magic, it inflicts extra damage on
   living creatures.
   It affects your strength (-3).
   It affects your intelligence (+2).
   It protects you from fire.
   It makes you more stealthy.
Armour
 b - a cursed +0 chain mail (worn)
 c - a +0 shield (worn)
 C - the +2 cloak of Midnight (worn) {rElec Dex+3}
   (You found it on level 9 of the Dungeon)

   It affects your dexterity (+3).
   It insulates you from electricity.
Jewellery
 z - a ring of poison resistance (left hand)
 A - a ring of flight (right hand)
Wands
 q - a wand of disintegration (35)
 y - a wand of acid (11)
Scrolls
 e - 4 scrolls of amnesia
 g - 3 scrolls of identify
 h - 3 scrolls of enchant weapon
 i - 4 scrolls of teleportation
 j - 2 scrolls of enchant armour
 p - 3 scrolls of remove curse
 r - a scroll of noise
 s - 4 scrolls of fog
 v - 3 scrolls of fear
 x - a scroll of random uselessness {unknown}
Potions
 d - a potion of might
 k - a potion of berserk rage
 l - 2 potions of mutation
 m - a potion of haste
 n - 3 potions of heal wounds
 o - 2 potions of flight
 t - 2 potions of degeneration {unknown}
 w - 4 potions of curing
Comestibles
 f - 15 rations
 B - 4 chunks of flesh


   Skills:
 + Level 8.0 Fighting
 + Level 10.5 Long Blades
 + Level 9.7 Armour
 + Level 3.8 Dodging
 + Level 0.7 Stealth
 + Level 10.2 Shields
 + Level 0.4 Invocations


You had 9 spell levels left.
You didn't know any spells.
Your spell library contained the following spells:

 Spells                   Type           Power        Failure   Level  Hunger
 Shock                    Conj/Air       #...         99%         1    ##.....
 Swiftness                Chrm/Air       #.......     100%        2    ###....
 Static Discharge         Conj/Air       #.......     100%        3    ####...
 Airstrike                Air            #.........   100%        4    #####..
 Alistair's Intoxication  Tmut/Pois      #.......     100%        5    ######.
 Bolt of Magma            Conj/Fire/Erth #.........   100%        5    ######.
 Iskenderun's Battlesphe  Conj/Chrm      #.......     100%        5    ######.
 Lightning Bolt           Conj/Air       #.........   100%        5    ######.
 Venom Bolt               Conj/Pois      #.........   100%        5    ######.
 Iron Shot                Conj/Erth      #.........   100%        6    #######
 Orb of Destruction       Conj           #.........   100%        7    #######
 Spellforged Servitor     Conj/Summ      #.........   100%        7    #######
 Summon Hydra             Summ           #.........   100%        7    #######


Dungeon Overview and Level Annotations

Branches:
Dungeon (9/15)             Temple (0/1) D:6            Lair (0/6) D:8
    Orc: D:9-12

Altars:
Dithmenos
Elyvilon
Makhleb
Okawaru
Trog
Uskayaw
Yredelemnul

Annotations:
D:7 exclusion: oklob plant
D:9 Erolcha


Innate Abilities, Weirdness & Mutations

You reflexively headbutt those who attack you in melee.
You have a pair of horns on your head.
You have very sharp teeth.
You are partially covered in molten scales. (AC +2)
You can translocate small distances at will.
You possess an exceptional clarity of mind.


Message History

You block Erolcha's attack.
You slash Erolcha! You headbutt Erolcha, but do no damage.
Erolcha is severely wounded.
You block Erolcha's attack.
You hit Erolcha but do no damage.
Erolcha is severely wounded.
You block Erolcha's attack. Erolcha gestures at you while chanting.
You resist with some effort.
You hit Erolcha but do no damage. You bite Erolcha, but do no damage.
Erolcha is severely wounded.
You block Erolcha's attack. Erolcha casts a spell at you.
The bolt of cold hits you!!
* * * LOW HITPOINT WARNING * * *
You hit Erolcha. You bite Erolcha, but do no damage.
Erolcha is severely wounded.
Erolcha points at you and mumbles some strange words.
The crystal spear hits you!!
You die...

#.#####......######
#.....'......#
#######......#
#......# #......#
#......# ##.#####
##...#####
#..O@....#
+........#
#........'..
#........##.
#........#
#........#
#.....>..#
#........#


You could see Erolcha.

Vanquished Creatures
  A two-headed ogre (D:9)
  A troll (D:9)
  A queen bee (D:8)
  A hippogriff (D:8)
  A yak (D:8)
  2 hungry ghosts
  5 porcupines
  2 black bears
  A sky beast (D:8)
  2 ice beasts (D:7)
  A phantom (D:5)
  4 centaurs
  5 bullfrogs
  A scorpion (D:4)
  13 killer bees
  2 howler monkeys
  A bullfrog zombie (D:7)
  2 crimson imps (D:7)
  A centaur zombie (D:6)
  5 orc priests
  10 jellies (D:7)
  4 orc wizards
  9 hounds
  2 iguanas
  7 worker ants
  A worker ant zombie (D:7)
  6 gnolls
  14 adders
  2 shadow imps
  12 oozes
  2 adder skeletons (D:4)
  4 worms
  A dart slug (D:3)
  5 leopard geckos
  28 orcs
  13 giant cockroaches
  4 hobgoblins
  3 jackals (D:8)
  4 quokkas
  8 bats
  5 frilled lizards
  10 goblins
  6 kobolds
  A quokka zombie (D:6)
  11 rats
224 creatures vanquished.

Vanquished Creatures (others)
  7 fungi
7 creatures vanquished.

Grand Total: 231 creatures vanquished

Notes
Turn   | Place    | Note
-------+----------+-------------------------------------------
     0 | D:1      | Peloso the Minotaur Fighter began the quest for the Orb.
     0 | D:1      | Reached XP level 1. HP: 19/19 MP: 0/0
   162 | D:1      | Reached XP level 2. HP: 23/27 MP: 1/1
   853 | D:2      | Reached XP level 3. HP: 20/33 MP: 2/2
  1093 | D:2      | Found a hide-covered altar of Uskayaw.
  1094 | D:2      | Reached skill level 1 in Dodging
  1268 | D:2      | Reached XP level 4. HP: 41/41 MP: 3/3
  1533 | D:2      | Gained mutation: You have very sharp teeth. [potion of
                  | mutation]
  1533 | D:2      | Gained mutation: You occasionally shout uncontrollably at
                  | your foes. [potion of mutation]
  1533 | D:2      | Gained mutation: Your mind is acute. (Int +2) [potion of
                  | mutation]
  2276 | D:3      | Lost mutation: Your mind is acute. (Int +2) [potion of
                  | mutation]
  2276 | D:3      | Lost mutation: You occasionally shout uncontrollably at
                  | your foes. [potion of mutation]
  2276 | D:3      | Gained mutation: You can translocate small distances at
                  | will. [potion of mutation]
  2276 | D:3      | Gained mutation: You possess an exceptional clarity of
                  | mind. [potion of mutation]
  2276 | D:3      | Gained mutation: You are partially covered in molten
                  | scales. (AC +2) [potion of mutation]
  2331 | D:4      | Reached XP level 5. HP: 47/47 MP: 4/4
  2564 | D:4      | Reached skill level 5 in Long Blades
  2564 | D:4      | Reached skill level 5 in Shields
  2576 | D:4      | Reached XP level 6. HP: 4/53 MP: 5/5
  3196 | D:4      | Noticed a moth of wrath
  3199 | D:4      | Found a bloodstained altar of Trog.
  3227 | D:4      | Reached skill level 5 in Armour
  3633 | D:5      | Entered Level 5 of the Dungeon
  3638 | D:5      | Reached skill level 5 in Fighting
  3638 | D:5      | Reached XP level 7. HP: 57/61 MP: 6/6
  3924 | D:5      | Found a burning altar of Makhleb.
  4086 | D:5      | Got a dazzling spear
  4087 | D:5      | Identified the +7 spear "Pucocw" {pain, rF+ Str-3 Int+2
                  | Stlth+} (You found it on level 5 of the Dungeon)
  4490 | D:6      | Reached XP level 8. HP: 19/69 MP: 7/7
  4931 | D:6      | Found an iron altar of Okawaru.
  4951 | D:6      | Became a worshipper of Warmaster Okawaru
  5095 | D:6      | Found a white marble altar of Elyvilon.
  5205 | D:6      | Found a staircase to the Ecumenical Temple.
  5530 | D:7      | Reached * piety under Okawaru
  5708 | D:7      | Reached XP level 9. HP: 62/75 MP: 8/8
  5733 | D:7      | Found a shadowy altar of Dithmenos.
  5922 | D:7      | Found a basalt altar of Yredelemnul.
  5973 | D:7      | Noticed an oklob plant
  7118 | D:8      | Found a staircase to the Lair.
  7131 | D:8      | Reached ** piety under Okawaru
  7798 | D:8      | Reached XP level 10. HP: 51/86 MP: 9/9
  7943 | D:8      | Reached *** piety under Okawaru
  7943 | D:8      | Reached skill level 10 in Long Blades
  8095 | D:8      | Identified the Catalogue of Creative Venom
  8326 | D:9      | Reached skill level 10 in Shields
  8622 | D:9      | Noticed a two-headed ogre
  8635 | D:9      | Killed a two-headed ogre
  8666 | D:9      | Got an ancient cloak
  8672 | D:9      | Identified the +2 cloak of Midnight {rElec Dex+3} (You
                  | found it on level 9 of the Dungeon)
  8695 | D:9      | Noticed Erolcha
  8707 | D:9      | Killed from afar by Erolcha

Levels and vault maps discovered:
D:1:      zelgadis_glass_arrival_small, layout_loops_cross, minmay_tetromino_o4
D:2:      minmay_skewed_foursquare, layout_loops_ring,
          lemuel_coloured_pillars_altar
D:3:      layout_loops_cross, grunt_ministairs_2
D:4:      layout_loops_corners, tgw_trog, first_ration
D:5:      layout_cave_pools, overflow_temple_1_default, cheibrodos_gnoll_hut
D:6:      layout_cave_pools, lemuel_round_altar, okawaru_gym_becter,
          temple_green
D:7:      lemuel_slime, layout_cave_pools, overflow_temple_1_default,
          kennysheep_mini_moat, minmay_fractal_squares_diagonal_5
D:8:      layout_rooms, due_lair_maze_entry_diamond, david_nohive_1
D:9:      layout_roguey, kennysheep_mini, uniq_erolcha

Skill      XL: |  1  2  3  4  5  6  7  8  9 10 |
---------------+-------------------------------+-----
Fighting       | 4 5 6 7 8 |  8.0
Long Blades    | 3 4 5 6 8 9 10 | 10.5
Shields        | 4 5 6 8 9 10 | 10.2
Armour         | 4 5 6 7 9 |  9.7
Dodging        | 1 2 3 |  3.8
Stealth        | |  0.7
Invocations    | |  0.4

Action                   |  1- 3 |  4- 6 |  7- 9 | 10-12 || total
-------------------------+-------+-------+-------+-------++-------
Melee: Long sword        |   105 |   135 |   427 |    80 ||   747
       Headbutt          |    11 |    31 |    79 |    22 ||   143
       Bite              |       |     8 |    50 |    15 ||    73
Invok: Heroism           |       |       |     1 |     2 ||     3
  Use: Potion            |     1 |     6 |     3 |       ||    10
       Scroll            |       |       |     9 |       ||     9
  Eat: Chunk             |       |     8 |    11 |     2 ||    21
       Ration            |       |       |     2 |       ||     2
Armor: Scale mail        |    21 |       |       |       ||    21
       Chain mail        |    38 |    70 |   249 |    38 ||   395
Dodge: Dodged            |    21 |    33 |   159 |    23 ||   236
Block: Shield            |    64 |    72 |   347 |    45 ||   528
       Rpst.: Long sword |     5 |     6 |    47 |     2 ||    60

Table legend:
 A = Non-vault XP
 B = Vault XP
 C = Vault XP percentage of total XP
 D = Non-vault monster count
 E = Vault monster count
 F = Vault count percentage of total count
                 A         B        C        D         E       F
            +---------+---------+-------+---------+---------+-------
      Total |    4876 |    3148 |  39.2 |     157 |      67 |  29.9
            +---------+---------+-------+---------+---------+-------
        D:1 |      22 |       2 |   8.3 |      15 |       1 |   6.2
        D:2 |      53 |      22 |  29.3 |      22 |       6 |  21.4
        D:3 |      59 |       1 |   1.7 |      12 |       1 |   7.7
        D:4 |     464 |      13 |   2.7 |      26 |       5 |  16.1
        D:5 |     535 |     101 |  15.9 |      17 |       3 |  15.0
        D:6 |     647 |       0 |   0.0 |      26 |       0 |   0.0
        D:7 |    1075 |    1477 |  57.9 |      20 |      37 |  64.9
        D:8 |     607 |    1532 |  71.6 |      13 |      14 |  51.9
        D:9 |    1414 |       0 |   0.0 |       6 |       0 |   0.0
            +---------+---------+-------+---------+---------+-------
